 Dungeon Crawl Stone Soup version 0.26-a0-812-g31a745ddcd (webtiles) character file.

Game seed: 11351930024379300926

29 Kuinu the Skirmisher (level 3, 0/24 HPs)
             Began as a Kobold Fighter on Nov 20, 2020.
             Slain by a hobgoblin
             ... wielding a +0 club
              (2 damage)
             ... on level 1 of the Dungeon.
             The game lasted 00:02:02 (424 turns).

Kuinu the Skirmisher (Kobold Fighter)                Turns: 424, Time: 00:02:02

Health: 0/24       AC:  6    Str: 13    XL:     3   Next: 32%
Magic:  3/3        EV:  8    Int:  9    God:
Gold:   11         SH:  9    Dex: 15    Spells: 2/2 levels left

rFire    . . .     SeeInvis .   a - +0 rapier
rCold    . . .     Faith    .   c - +0 kite shield
rNeg     . . .     Spirit   .   b - +0 scale mail
rPois    .         Reflect  .   (no helmet)
rElec    .         Harm     .   (no cloak)
rCorr    .         Rampage  .   (no gloves)
MR       .....                  (no boots)
Stlth    +.........             (no amulet)
HPRegen  0.08/turn              f - ring of wizardry
MPRegen  0.08/turn              (no ring)

@: lethally poisoned (0 -> -4)
A: small, nightstalker 3
a: no special abilities


You were on level 1 of the Dungeon.
You visited 1 branch of the dungeon, and saw 1 of its levels.

You collected 11 gold pieces.

Inventory:

Hand Weapons
 a - a +0 rapier (weapon)
 h - a +2 dagger of venom
Missiles
 g - 3 atropa-tipped darts (quivered)
Armour
 b - a +0 scale mail (worn)
 c - a +0 kite shield (worn)
Jewellery
 f - a ring of wizardry (left hand)
Potions
 d - a potion of might


   Skills:
 * Level 3.8 Fighting
 * Level 3.4 Short Blades
 - Level 2.4 Armour
 + Level 0.8 Dodging
 + Level 1.0 Stealth
 + Level 2.5 Shields


You had 2 spell levels left.
You didn't know any spells.
Your spell library was empty.

Dungeon Overview and Level Annotations

Branches:
Dungeon (1/15)

Altars:


Innate Abilities, Weirdness & Mutations

You are small and have problems with some larger weapons.
You are completely attuned to the shadows.


Message History

* * * LOW HITPOINT WARNING * * *
You feel sick.
* * * LOW HITPOINT WARNING * * *
You feel sick.
A hobgoblin comes into view. It is wielding a +0 club.
* * * LOW HITPOINT WARNING * * *
You feel sick.
The hobgoblin shouts!
You hit the hobgoblin.
The hobgoblin is moderately wounded.
* * * LOW HITPOINT WARNING * * *
You feel sick. You block the hobgoblin's attack.
You hit the hobgoblin but do no damage.
The hobgoblin is moderately wounded.
You block the hobgoblin's attack.
You completely miss the hobgoblin.
The hobgoblin is moderately wounded.
* * * LOW HITPOINT WARNING * * *
You feel sick. The hobgoblin hits you with a +0 club.
You die...

#############
.............#
.............#
...g@........#
.######......#
#......#
#......#
#......#
#......###
......(..#
########.##
......#


You could see a hobgoblin.

Vanquished Creatures
  An ooze (D:1)
  A giant cockroach (D:1)
  2 hobgoblins (D:1)
  4 jackals (D:1)
  A kobold (D:1)
  5 bats (D:1)
  4 goblins (D:1)
  5 rats (D:1)
23 creatures vanquished.

Vanquished Creatures (others)
  4 toadstools (D:1)
4 creatures vanquished.

Grand Total: 27 creatures vanquished

Notes
Turn   | Place    | Note
-------+----------+-------------------------------------------
     0 | D:1      | Kuinu the Kobold Fighter began the quest for the Orb.
     0 | D:1      | Reached XP level 1. HP: 14/14 MP: 1/1
   130 | D:1      | Reached XP level 2. HP: 18/19 MP: 2/2
   247 | D:1      | Reached XP level 3. HP: 22/23 MP: 3/3
   295 | D:1      | Reached skill level 1 in Stealth
   424 | D:1      | Slain by a hobgoblin

Illustrated notes

Levels and vault maps discovered:
D:1:      ldierk_walled_garden_2, layout_basic

Skill      XL: |  1  2  3 |
---------------+----------+-----
Short Blades   | 3 |  3.4
Stealth        | 1 |  1.0
Fighting       | |  3.8
Armour         | |  2.4
Dodging        | |  0.8
Shields        | |  2.5

Action                   || total
-------------------------++-------
Melee: Rapier            ||    82
  Use: Scroll            ||     1
Armor: Scale mail        ||    43
Dodge: Dodged            ||    33
Block: Kite shield       ||    41

Table legend: (Time is in decaauts)
 A = Elapsed time spent in this place.
 B = Non-inter-level travel time spent in this place.
 C = Inter-level travel time spent in this place.
 D = Time resting spent in this place.
 E = Time spent auto-exploring this place.
 F = Levels seen in this place.
 G = Mean time per level.
                   A        B        C        D        E       F      G
               +--------+--------+--------+--------+--------+-----+--------+
         Total |    434 |    434 |      0 |      0 |    271 |   1 |  434.0 |
       Dungeon |    434 |    434 |      0 |      0 |    271 |   1 |  434.0 |
               +--------+--------+--------+--------+--------+-----+--------+

Top non-repeatable levels by time:
     D:1: 434 daAuts
